cohdb
Replays
Latest Replays
All Replays
Popular Replays
Top Player Replays
Match Explorer
How It Works
Community
CoH3 Stats
Reddit
Sign in to upload your games and track your stats! →
Sign in with Steam
Match 45755658
Unlisted
Match 45755658
Overview
Messages
Build Orders
End
Royal Engineer Section
Construct Section Command Post
Vickers Machine Gun Team
Infantry Section
Construct Field Infirmary
Infantry Section
Construct Platoon Command Post
Selects Heavy Armor Battlegroup
Selects Rigorous Vehicle Training
Humber Armored Car
Grenade Package
Infantry Training
Selects Forward Repair Assembly
Infantry Section
Construct Company Command Post
Foot Guards Section
Selects Churchill Black Prince Heavy Tank
Selects Light Vehicle Withdraw and Refit
Churchill Black Prince Heavy Tank
Selects Radio Net
Reakly
7k this year for sure
JEFG
Seocheon
0
0
Comments
sign in to comment!
No comments posted yet!